 Dungeon Crawl Stone Soup version 0.21.1-1-g345015fe64 (webtiles) character file.

1346 Htamos the Zephyrmancer (level 8, -8/41 HPs)
             Began as a Tengu Air Elementalist on July 13, 2018.
             Was a Follower of Vehumet.
             Mangled by an orc warrior
             ... wielding a +0 dire flail
              (28 damage)
             ... on level 6 of the Dungeon.
             The game lasted 00:22:05 (7355 turns).

Htamos the Zephyrmancer (Tengu Air Elementalist)    Turns: 7355, Time: 00:22:06

Health: -8/41      AC:  5    Str:  8    XL:     8   Next: 62%
Magic:  14/19      EV: 13    Int: 18    God:    Vehumet [*.....]
Gold:   196        SH:  0    Dex: 15    Spells: 19/20 levels left

rFire    . . .     SeeInvis .   d - +3 dagger (flame)
rCold    . . .     Gourm    .   (no shield)
rNeg     + . .     Faith    .   a - +0 robe
rPois    .         Spirit   .   (helmet restricted)
rElec    .         Reflect  .   p - +0 cloak
rCorr    .         Harm     .   i - +1 pair of gloves
MR       .....                  (boots unavailable)
Stlth    ++........             v - amulet of rage
HPRegen  0.13/turn              o - ring of wizardry
MPRegen  0.16/turn              u - ring of positive energy

@: very slightly contaminated
A: beak, talons 3, able to fly 1
a: Fly, Renounce Religion, Evoke Berserk Rage


You were on level 6 of the Dungeon.
You worshipped Vehumet.
Vehumet was aware of your devotion.
You were not hungry.

You visited 2 branches of the dungeon, and saw 8 of its levels.

You collected 196 gold pieces.

Inventory:

Hand Weapons
 d - a +3 dagger of flaming (weapon)
 f - a +0 shortbow
 s - a +0 hunting sling
Missiles
 e - 13 arrows
 h - a throwing net (quivered)
 k - 15 sling bullets
 m - 224 stones
 C - 39 bolts
 E - 5 javelins
Armour
 a - a +0 robe (worn)
 i - a +1 pair of gloves (worn)
 p - a +0 cloak (worn)
 H - a +0 leather armour of magic resistance
Jewellery
 j - an uncursed ring of fire
 o - a ring of wizardry (left hand)
 q - an uncursed ring of teleportation
 u - a ring of positive energy (right hand)
 v - an amulet of rage (around neck)
Scrolls
 l - 2 scrolls of immolation
 r - a scroll of blinking
 y - 2 scrolls of identify
 A - a scroll of enchant weapon
 D - a scroll of remove curse
 G - a scroll of fear
Potions
 g - a potion of curing
 t - 2 potions of mutation
 w - 2 potions of flight
 z - 2 potions of brilliance
 B - a potion of resistance {unknown}
Books
 b - a book of Air

   Spells                             Type                      Level
   a - Shock                          Conjuration/Air              1
   b - Swiftness                      Charms/Air                   2
   c - Static Discharge               Conjuration/Air              3
   d - Airstrike                      Air                          4
   e - Lightning Bolt                 Conjuration/Air              5
 F - Reishaak's Introduction to Thaumaturgy
   (You found it on level 5 of the Dungeon)

   Spells                             Type                      Level
   a - Magic Dart                     Conjuration                  1
   b - Shock                          Conjuration/Air              1
   c - Confusing Touch                Hexes                        1
   d - Corona                         Hexes                        1
   e - Apportation                    Translocation                1
Comestibles
 c - 11 rations
 n - 2 chunks of flesh


   Skills:
 - Level 2.1 Dodging
 - Level 2.0 Stealth
 + Level 6.9 Spellcasting
 - Level 1.3 Conjurations
 + Level 10.2 Air Magic


You had 19 spell levels left.
You knew the following spells:

 Your Spells              Type           Power        Failure   Level  Hunger
a - Shock                 Conj/Air       ####         1%          1    None


Dungeon Overview and Level Annotations

Branches:
Dungeon (7/15)             Temple (1/1) D:5

Altars:
Ashenzari
Elyvilon
Fedhas
Gozag
Kikubaaqudgha
Makhleb
Okawaru
Qazlal
Ru
Trog
Vehumet
Wu Jian
Xom
Zin
The Shining One

Shops:
D:4 =


Innate Abilities, Weirdness & Mutations

You have a beak for a mouth.
You have claws for feet.
You can fly.


Message History

The zap hits the orc.
You kill the orc!
Vehumet accepts your kill.
Casting: Shock
Confirm with . or Enter, or press ? or * to list all spells.
Aiming: Shock
Press: ? - help, Shift-Dir - straight line, f/p - orc warrior
Aim: an orc warrior, wielding a dire flail and wearing a chain mail (moderately wounded)
The zap hits the orc warrior.
The orc warrior appears unharmed.
The orc warrior is moderately wounded.
Casting: Shock
Confirm with . or Enter, or press ? or * to list all spells.
Aiming: Shock
Press: ? - help, Shift-Dir - straight line, f/p - orc warrior
Aim: an orc warrior, wielding a dire flail and wearing a chain mail (moderately wounded)
The zap hits the orc warrior.
The orc warrior is severely wounded.
The orc warrior hits you with a dire flail!!
Ouch! That really hurt!
You die...

#)# #.# ## #.# #.# .## #.#
#.# ..# #.#####.# ..#
#....[[.# ..#############
#.####### .<#...........#
#.# ..#.#########.#####.##
.....# #........@o...#
.....# #.####.......##
#.##.###.# #######.#
#)##.....# #.# #.#####..#
#.# #.<.# #..# #.# ###.#
#..##########.# #.#
#.............# ####### #.#
##.##########.#######......


You could see an orc warrior.

Vanquished Creatures
  Eustachio (D:6)
  Menkaure (D:6)
  A sky beast (D:6)
  A necrophage (D:6)
  A centaur (D:5)
  A bullfrog (D:6)
  2 scorpions (D:4)
  A bullfrog zombie (D:5)
  2 crimson imps
  2 hounds
  A jelly (D:6)
  2 orc wizards
  A bullfrog skeleton (D:4)
  4 orc priests
  An iguana (D:4)
  2 worker ants
  A hound skeleton (D:6)
  7 adders
  2 oozes
  2 worms
  6 leopard geckos
  19 orcs
  8 bats
  7 giant cockroaches
  8 goblins
  5 hobgoblins
  3 jackals (D:5)
  5 kobolds
  4 quokkas
  A ball python (D:1)
  8 frilled lizards
  A leopard gecko skeleton (D:4)
  2 rats (D:1)
113 creatures vanquished.

Notes
Turn   | Place    | Note
-------+----------+-------------------------------------------
     0 | D:1      | Htamos the Tengu Air Elementalist began the quest for the Orb.
     0 | D:1      | Reached XP level 1. HP: 10/10 MP: 4/4
   143 | D:1      | Reached XP level 2. HP: 15/15 MP: 3/6
   744 | D:1      | Reached XP level 3. HP: 19/19 MP: 4/7
  1136 | D:2      | Reached skill level 5 in Air Magic
  2004 | D:3      | Reached XP level 4. HP: 24/24 MP: 6/9
  3392 | D:4      | Reached skill level 6 in Air Magic
  3392 | D:4      | Gained mutation: You can fly. [Tengu growth]
  3392 | D:4      | Reached XP level 5. HP: 28/28 MP: 4/11
  3453 | D:4      | Found a glowing golden altar of the Shining One.
  3596 | D:4      | Found a blossoming altar of Fedhas.
  3728 | D:4      | Reached XP level 6. HP: 26/32 MP: 7/13
  3889 | D:4      | Reached skill level 7 in Air Magic
  4076 | D:4      | Found Jauv's Jewellery Emporium.
  4403 | D:5      | Entered Level 5 of the Dungeon
  4553 | D:5      | Found a staircase to the Ecumenical Temple.
  4561 | Temple   | Entered the Ecumenical Temple
  4588 | Temple   | Became a worshipper of Vehumet
  4640 | D:5      | Reached skill level 5 in Spellcasting
  4640 | D:5      | Reached XP level 7. HP: 15/36 MP: 10/15
  4867 | D:5      | Reached skill level 8 in Air Magic
  5109 | D:5      | Identified Reishaak's Introduction to Thaumaturgy
  5465 | D:6      | Reached * piety under Vehumet
  5465 | D:6      | Offered knowledge of Flame Tongue by Vehumet.
  5619 | D:6      | Reached skill level 9 in Air Magic
  5638 | D:6      | Noticed Eustachio
  5700 | D:6      | Killed Eustachio
  5700 | D:6      | Reached XP level 8. HP: 38/40 MP: 8/18
  5725 | D:6      | Noticed Menkaure
  5888 | D:6      | Killed Menkaure
  5976 | D:6      | Noticed Edmund
  6755 | D:6      | Reached skill level 10 in Air Magic
  6859 | D:7      | Noticed a hippogriff
  7355 | D:6      | Mangled by an orc warrior

Skill      XL: |  1  2  3  4  5  6  7  8 |
---------------+-------------------------+-----
Air Magic      | 5 6 7 9 10 | 10.2
Spellcasting   | 3 4 5 6 |  6.9
Dodging        | |  2.1
Stealth        | |  2.0
Conjurations   | |  1.3

Action                   |  1- 3 |  4- 6 |  7- 9 || total
-------------------------+-------+-------+-------++-------
Melee: Dagger            |     1 |       |    13 ||    14
       Hunting sling     |       |       |     3 ||     3
 Cast: Shock             |    71 |   114 |   119 ||   304
  Use: Scroll            |       |    15 |     6 ||    21
       Potion            |       |       |     4 ||     4
  Eat: Chunk             |     4 |     8 |     4 ||    16
       Ration            |       |       |     1 ||     1
Armor: Robe              |     3 |    13 |    13 ||    29
       Skin              |       |       |    19 ||    19
Dodge: Dodged            |    12 |    32 |    28 ||    72
